Map: Galactic Process LE

Players

Kain - Winner!

  • Race: Protoss Protoss
  • League: Diamond
  • Spawn Location: 7:00

Mario

  • Race: Terran Terran
  • League: Diamond
  • Spawn Location: 1:00

VOD

Have the link to the VOD?

Description

Time

  • Played on: Sept. 23, 2016, 5:48 p.m.
  • Length: 8:40
Show
View Real Time Build Order
Export as new Build Order

Kain Protoss - Winner!

Build Orders:  

Get SALT Encoding   

  12  0:01  Probe (Chrono Boost)  
  13  0:12  Probe (Chrono Boost)  
  14  0:19  Pylon  
  14  0:22  Probe (Chrono Boost)  
  15  0:38  Gateway  
  15  0:39  Probe (Chrono Boost)  
  16  0:50  Probe (Chrono Boost)  
  16  0:51  Assimilator  
  17  1:00  Probe (Chrono Boost)  
  18  1:11  Probe (Chrono Boost)  
  19  1:21  Gateway  
  19  1:22  Probe (Chrono Boost)  
  20  1:28  Cybernetics Core  
  20  1:32  Probe (Chrono Boost)  
  21  1:35  Assimilator  
  21  1:45  Probe (Chrono Boost)  
  22  1:47  Pylon  
  22  1:49  Assimilator  
  22  1:55  Probe (Chrono Boost)  
  23  2:06  Probe (Chrono Boost)  
  26  2:09  Stalker (Chrono Boost)  
  26  2:10  Stalker (Chrono Boost)  
  26  2:15  Warp Gate  
  27  2:27  Pylon  
  31  2:38  Stalker (Chrono Boost)  
  31  2:39  Stalker (Chrono Boost)  
  31  2:49  Robotics Facility  
  31  3:05  Stalker (Chrono Boost)  
  35  3:08  Stalker (Chrono Boost)  
  35  3:37  Nexus  
  27  4:31  Probe  
  27  4:33  Observer (Chrono Boost)  
  29  4:43  Stalker x2  
  29  4:44  Mothership Core  
  36  4:53  Observer (Chrono Boost)  
  36  4:54  Probe  
  36  4:58  Gateway  
  37  5:05  Probe, Pylon  
  38  5:09  Pylon  
  38  5:12  Pylon  
  38  5:17  Probe  
  39  5:24  Immortal (Chrono Boost)  
  39  5:27  Robotics Bay  
  43  5:29  Probe  
  44  5:36  Pylon  
  44  5:41  Probe  
  45  5:44  Pylon  
  45  5:50  Probe  
  45  5:53  Probe  
  47  6:01  Probe  
  48  6:05  Probe  
  53  6:11  Probe  
  53  6:14  Colossus (Chrono Boost)  
  53  6:17  Extended Thermal Lance (Chrono Boost), Probe  
  57  6:22  Probe  
  58  6:29  Gateway  
  58  6:30  Probe  
  58  6:32  Probe  
  60  6:42  Probe  
  60  6:43  Probe  
  62  6:47  Gateway x2  
  62  6:49  Pylon  
  62  6:53  Probe  
  62  6:54  Assimilator, Probe  
  63  7:00  Colossus (Chrono Boost)  
  70  7:04  Probe  
  70  7:06  Probe  
  72  7:11  Assimilator  
  72  7:18  Probe  
  72  7:19  Probe  
  74  7:25  Forge  
  74  7:27  Forge  
  74  7:40  Probe  
  74  7:41  Probe  
  76  7:46  Gateway x2  
  76  7:52  Stalker x2  
  76  7:53  Probe  
  76  7:54  Stalker x3  
  87  8:15  Stalker x2  
  87  8:16  Stalker  
Show
View Real Time Build Order
Export as new Build Order

Mario Terran 

Build Orders:  

Get SALT Encoding   

  12  0:00  SCV  
  13  0:12  SCV  
  14  0:17  Supply Depot  
  14  0:25  SCV  
  15  0:39  SCV  
  15  0:40  Barracks  
  16  0:45  Refinery  
  16  0:51  SCV  
  17  1:03  SCV  
  18  1:15  SCV  
  19  1:27  SCV  
  20  1:36  Reaper  
  20  1:39  Supply Depot  
  21  1:43  Orbital Command  
  21  1:56  Barracks  
  21  1:57  Barracks  
  21  2:15  Barracks Reactor  
  21  2:25  Command Center  
  21  2:38  Factory  
  21  2:42  SCV  
  22  2:50  Barracks Tech Lab  
  21  2:52  Barracks Tech Lab  
  21  2:59  Marine x2  
  23  3:07  Engineering Bay  
  23  3:14  Marauder  
  25  3:22  Marauder  
  25  3:25  Factory Tech Lab  
  25  3:34  Marine x2  
  25  3:42  Marauder  
  21  4:03  Marauder  
  13  4:33  Siege Tank  
  16  4:39  Missile Turret  
  16  4:49  Marine x2  
  16  4:50  Marine  
  16  4:51  Marine  
  20  4:54  SCV  
  21  5:04  Orbital Command  
  21  5:11  SCV  
  22  5:24  Starport  
  22  5:27  Refinery  
  22  5:31  SCV  
  23  5:45  Marauder  
  23  5:49  Marauder  
  27  5:57  SCV  
  27  5:58  SCV  
  29  6:08  Medivac  
  31  6:23  Marine  
  31  6:24  Marine  
  31  6:25  Marine x2  
  35  6:32  SCV x2  
  37  6:39  Stimpack  
  37  6:48  Medivac  
  39  6:58  SCV x2  
  41  7:06  Marauder  
  43  7:11  Supply Depot  
  43  7:18  Marauder  
  45  7:30  SCV  
  45  7:32  Siege Tank  
  45  7:35  SCV  
  50  7:47  Marine x3  
  50  7:48  Missile Turret  
  53  8:02  Supply Depot  
Tags
 
Add a new tag
Caveats
  • Supply blocks, unpowered buildings, or Contaminate may cause inaccurate times.
  • Supply counts are checked every 10 seconds.